 Dungeon Crawl Stone Soup version 0.29-a0-369-gd956c00756 (webtiles) character file.

Game seed: 6925704644154125648

683 Antichthon the Cudgeller (level 7, -8/44 HPs)
             Began as a Gargoyle Fighter on May 2, 2022.
             Was an Initiate of the Shining One.
             Killed by divine providence
             ... invoked by an orc priest
              (16 damage)
             ... on level 5 of the Dungeon.
             The game lasted 00:06:20 (4695 turns).

Antichthon the Cudgeller (Gargoyle Fighter)         Turns: 4695, Time: 00:06:20

Health: -8/44      AC: 18    Str: 19    XL:     7   Next: 61%
Magic:  8/8        EV:  7    Int: 11    God:    the Shining One [......]
Gold:   224        SH:  9    Dex:  9    Spells: 6/6 levels left

rFire   . . .      SeeInvis .   a - +2 flail (vorpal)
rCold   . . .      Faith    .   c - +0 buckler
rNeg    + . .      Spirit   .   o - +0 chain mail
rPois   ∞          Reflect  +   g - +0 helmet
rElec   +          Harm     .   k - +0 cloak
rCorr   +          Rampage  .   q - +0 pair of gloves
Will    .....                   (no boots)
Stlth   ..........              b - amulet of reflection
HPRegen 0.14/turn               n - ring of resist corrosion
MPRegen 0.11/turn               (no ring)

@: glowing
A: sickness immunity, AC +4, negative energy resistance 1, electricity
resistance, torment resistance 1, petrification resistance
a: Renounce Religion


You were on level 5 of the Dungeon.
You worshipped the Shining One.
The Shining One was noncommittal.
You visited 2 branches of the dungeon, and saw 6 of its levels.

You collected 224 gold pieces.

Inventory:

Hand Weapons
 a - a +2 vorpal flail (weapon)
Armour
 c - a +0 buckler (worn)
 g - a +0 helmet (worn)
 k - a +0 cloak (worn)
 o - a +0 chain mail (worn)
 q - a +0 pair of gloves (worn)
Jewellery
 b - an amulet of reflection (around neck)
 n - a ring of resist corrosion (left hand)
Wands
 r - a wand of acid (11)
Scrolls
 s - 2 scrolls of teleportation
 t - 2 scrolls of identify
 u - a scroll of enchant weapon {unknown}
Potions
 d - a potion of might
 e - 2 potions of resistance
 f - 3 potions of heal wounds
 h - 2 potions of cancellation
 i - a potion of attraction {unknown}
 j - a potion of brilliance {unknown}
 l - 2 potions of curing
 m - a potion of ambrosia {unknown}
 p - a potion of haste {unknown}


   Skills:
 * Level 4.7 Fighting
 * Level 5.1 Maces & Flails
 * Level 5.0 Armour
 * Level 1.7 Dodging
 * Level 4.5 Shields
 * Level 2.3 Invocations


You had 6 spell levels left.
You didn't know any spells.
Your spell library contained the following spells:

 Spells                   Type           Power      Damage    Failure   Level
 Animate Skeleton         Necr           0%         N/A       99%         1
 Apportation              Tloc           0%         N/A       99%         1
 Sandblast                Erth           0%         2d4       99%         1
 Shock                    Conj/Air       0%         1d3       99%         1
 Summon Small Mammal      Summ           0%         N/A       99%         1
 Passwall                 Tmut/Erth      0%         N/A       100%        2
 Static Discharge         Conj/Air       0%         N/A       100%        2
 Call Canine Familiar     Summ           0%         N/A       100%        3
 Portal Projectile        Hex/Tloc       0%         N/A       100%        3
 Stone Arrow              Conj/Erth      0%         3d7       100%        3
 Swiftness                Air            0%         N/A       100%        3
 Airstrike                Air            0%         N/A       100%        4
 Leda's Liquefaction      Hex/Erth       0%         N/A       100%        4
 Lightning Bolt           Conj/Air       0%         1d11      100%        5
 Maxwell's Capacitive Co  Air            0%         ∞         100%        8


Dungeon Overview and Level Annotations

Branches:
Dungeon (5/15)             Temple (1/1) D:4

Altars:
Ashenzari
Cheibriados
Dithmenos
Elyvilon
Fedhas
Gozag
Hepliaklqana
Kikubaaqudgha
Makhleb
Nemelex Xobeh
Okawaru
Qazlal
Ru
Sif Muna
Trog
Uskayaw
Vehumet
Wu Jian
Xom
Yredelemnul
Zin
The Shining One

Shops:
D:3 [


Innate Abilities, Weirdness & Mutations

You are immune to sickness and miasma.
Your stone body is resilient. (AC +4)
You are immune to poison.
You resist negative energy. (rN+)
You are resistant to electric shocks. (rElec)
You are resistant to unholy torment.
You are immune to petrification.


Message History

The orc is moderately wounded.
The orc hits you but does no damage.
You hit the orc but do no damage.
The orc is moderately wounded.
You block the orc's attack. The orc barely misses you.
You sock the orc!
You kill the orc!
s - 2 scrolls of teleportation (gained 1)
Things that are here:
a +0 short sword; a +0 leather armour You hear the slow rusting of a very distant drain.
Things that are here:
a +0 dagger; a +0 robe; an orc corpse
Things that are here:
a +0 dagger; an orc corpse
Things that are here:
a +0 flail; a +0 leather armour An orc comes into view.
It is wielding a +0 whip.
The orc shouts!
You hear a shout! x2
The orc moves out of view.
You hear a shout! x2
You hear a shout!
You hear a howl!
You hear a shout!
An orc priest, 2 orcs and an orc wizard come into view.
The orc priest shouts!
The orc shouts! x2; The orc wizard shouts!
The orc hits you but does no damage.
Found 11 gold pieces.
The orc barely misses you.
You see here a scroll labelled DEYCHEN YMOJIE.
u - a scroll labelled DEYCHEN YMOJIE The orc hits you but does no damage.
The orc priest miscasts a cantrip.
The orc wizard casts a spell.
The orc wizard flickers and vanishes!
Deactivating autopickup; reactivate with Ctrl-A.
The orc priest mumbles some strange prayers to Beogh against you.
Beogh smites you!
* * * LOW HITPOINT WARNING * * *
The orc hits you but does no damage. The orc attacks as you move away!
The orc barely misses you.
The orc priest calls down the wrath of Beogh upon you.
Beogh smites you!
You die...

..## ###..###
#....#8###8 ....
#.#........
....###.#o.......
.........o.......
....##.o###8###8
.......o#
########
...#..#@#
#..)..<# # ##...#
##))###.#
###..)####.##
####....))....#
...
#......##.#####
.. ...###..##..#
#.### ##
#..###... #...##
#..# #### .....
#..# #....


You could see an orc priest and 3 orcs.

Vanquished Creatures
  Menkaure (D:4)
  An orc warrior (D:4)
  A centaur (D:4)
  3 orc priests (D:4)
  2 hounds (D:3)
  2 iguanas
  2 orc wizards (D:5)
  A gnoll (D:3)
  4 adders
  An ufetubus (D:5)
  A worm (D:3)
  A dart slug (D:4)
  12 orcs
  3 bats
  5 endoplasms
  3 giant cockroaches
  13 goblins
  11 hobgoblins
  3 kobolds
  2 quokkas
  10 ball pythons
  A frilled lizard (D:1)
  3 rats
86 creatures vanquished.

Notes
Turn   | Place    | Note
-------+----------+-------------------------------------------
     0 | D:1      | Antichthon the Gargoyle Fighter began the quest for the
                  | Orb.
     0 | D:1      | Reached XP level 1. HP: 14/14 MP: 1/1
   245 | D:1      | Reached XP level 2. HP: 13/19 MP: 2/2
  1146 | D:2      | Reached XP level 3. HP: 20/23 MP: 3/3
  1330 | D:2      | Found a faded altar of an unknown god.
  1991 | D:3      | Found Useplonn's Antique Armour Emporium.
  2201 | D:3      | Found a blossoming altar of Fedhas.
  2429 | D:3      | Reached XP level 4. HP: 27/29 MP: 4/4
  2592 | D:3      | Reached skill level 1 in Invocations
  2592 | D:3      | Reached XP level 5. HP: 19/33 MP: 5/5
  2896 | D:4      | Noticed an orc warrior
  2898 | D:4      | Noticed a centaur
  2910 | D:4      | Killed an orc warrior
  2911 | D:4      | Reached skill level 1 in Dodging
  2911 | D:4      | Reached XP level 6. HP: 19/38 MP: 5/7
  3804 | D:4      | Reached XP level 7. HP: 26/44 MP: 8/8
  3998 | D:4      | Noticed Menkaure
  4010 | D:4      | Killed Menkaure
  4045 | D:4      | Found a staircase to the Ecumenical Temple.
  4055 | Temple   | Entered the Ecumenical Temple
  4279 | Temple   | Became a worshipper of the Shining One
  4539 | D:5      | Entered Level 5 of the Dungeon
  4632 | D:5      | Reached skill level 5 in Maces & Flails
  4637 | D:5      | Reached skill level 5 in Armour
  4695 | D:5      | Killed from afar by an orc priest

Illustrated notes

Levels and vault maps discovered:
D:1:      tarquinn_simple_flora_water_f, layout_basic, minmay_tree_intersection
D:2:      layout_rooms, hellmonk_ecumenical_altar_zigzags
D:3:      cheibrodos_greedy_goblins, layout_loops_ring, lemuel_doored_altar,
          serial_shops, nicolae_shop_crystal, cheibrodos_gnoll_hut
D:4:      layout_loops_ring, minmay_temple_entry_drinking_statues, uniq_menkaure
D:5:      layout_rooms, portal_sewer_entry_b, serial_corexii_hall,
          chequers_hall_statues_y, chequers_hall_statues_y,
          corexii_hall_statues_i, chequers_hall_statues_wall_a
Temple:   mainiacjoe_temple_archimedes_tessellation

Skill      XL: |  1  2  3  4  5  6  7 |
---------------+----------------------+-----
Armour         | 4 5 |  5.0
Maces & Flails | 3 4 5 |  5.1
Invocations    | 1 2 |  2.3
Fighting       | 4 |  4.7
Dodging        | 1 |  1.7
Shields        | 4 |  4.5

Action                   |  1- 3 |  4- 6 |  7- 9 || total
-------------------------+-------+-------+-------++-------
Melee: Flail             |   114 |    89 |    74 ||   277
  Use: Scroll            |     7 |     1 |       ||     8
Armor: Scale mail        |    61 |       |       ||    61
       Chain mail        |     9 |    40 |    42 ||    91
Dodge: Dodged            |    54 |    30 |    21 ||   105
Block: Buckler           |    13 |    39 |    40 ||    92
       Reflection        |       |       |     1 ||     1

Table legend: (Time is in decaauts)
 A = Elapsed time spent in this place.
 B = Non-inter-level travel time spent in this place.
 C = Inter-level travel time spent in this place.
 D = Time resting spent in this place.
 E = Time spent auto-exploring this place.
 F = Levels seen in this place.
 G = Mean time per level.
                   A        B        C        D        E       F      G
               +--------+--------+--------+--------+--------+-----+--------+
         Total |   4766 |   4653 |    113 |      0 |   3779 |   6 |  794.3 |
       Dungeon |   4518 |   4428 |     90 |      0 |   3594 |   5 |  903.6 |
        Temple |    247 |    224 |     23 |      0 |    185 |   1 |  247.0 |
               +--------+--------+--------+--------+--------+-----+--------+

Top non-repeatable levels by time:
     D:4: 1430 daAuts
     D:3: 1081 daAuts
     D:1: 1018 daAuts
     D:2: 822 daAuts
  Temple: 247 daAuts
     D:5: 166 daAuts
